AoeStats
← callummitchell7511

MegaRandom

509647443Analyzed
2v2 RM · 4d ago on Sep 27, 2026· 39m 55s· 4 players
Game mode
Random Map
Map size
Medium (4 player)
Population
200
Speed
Normal
Resources
Standard
Victory
Conquest
Starting age
Dark Age
Ending age
Imperial Age
RankedLock teamsTeams togetherTeam positionsShared explorationLock speedFull tech treeHidden civsTurbo modeCheats
Victory
Defeat
🇬🇧 Saxons · United Kingdom
1100
+18
🇬🇧 Persians · United Kingdom
1091
+18
🇩🇪 Khmer · Germany
1138
-18
🇩🇪 Vietnamese · Germany
1138
-18
callummitchell7511
1:35 Loom
12:22 Feudal Age
15:48 Castle Age
14:03 Horse Collar
14:30 Double-Bit Axe
15:58 Town Watch
17:39 Wheelbarrow
21:35 Forging
21:32 Fletching
21:54 Heavy Plow
22:43 Scale Barding Armor
22:30 Elite Skirmisher
23:29 Bow Saw
26:27 Bodkin Arrow
27:23 Kamandaran
27:35 Thumb Ring
28:27 Gold Mining
31:55 Imperial Age
29:56 Padded Archer Armor
32:09 Leather Archer Armor
33:28 Chemistry
32:49 Ballistics
32:09 Cavalier
33:33 Crop Rotation
34:33 Ring Archer Armor
34:54 Savar
35:45 Bloodlines
37:17 Chain Barding Armor
37:19 Husbandry
kyleanderson041199
1:37 Loom
11:17 Feudal Age
12:15 Man-at-Arms
14:02 Arson
16:25 Gold Mining
23:35 Castle Age
23:26 Town Watch
25:00 Thumb Ring
25:25 Fletching
25:35 Padded Archer Armor
25:48 Forging
25:38 Scale Mail Armor
27:10 Bodkin Arrow
27:31 Leather Archer Armor
28:27 Long Swordsman
28:52 Gambesons
29:08 Squires
31:39 Stone Mining
34:33 Chain Mail Armor
34:55 Iron Casting
34:29 Double-Bit Axe
36:42 Wheelbarrow
38:44 Hand Cart
[BLN]Flo
3:42 Loom
12:50 Feudal Age
15:07 Wheelbarrow
14:18 Town Watch
14:29 Horse Collar
14:38 Double-Bit Axe
15:06 Fletching
15:50 Gold Mining
20:21 Castle Age
20:24 Crossbowman
21:17 Bodkin Arrow
21:23 Scale Mail Armor
21:41 Stone Mining
22:03 Bow Saw
22:34 Arson
22:50 Squires
23:44 Hand Cart
25:48 Thumb Ring
26:07 Ballistics
26:05 Padded Archer Armor
26:22 Chain Mail Armor
29:41 Imperial Age
28:45 Leather Archer Armor
28:41 Forging
29:03 Heavy Plow
29:43 Stone Shaft Mining
30:46 Paper Money
30:07 Arbalester
32:08 Bracer
33:14 Plate Mail Armor
34:31 Hoardings
34:32 Ring Archer Armor
34:38 Iron Casting
35:17 Chemistry
38:53 Scale Barding Armor
40:30 Two-Man Saw
40:09 Bloodlines
39:59 Husbandry
39:20 Cavalier
40:27 Chain Barding Armor
leabea
1:56 Loom
10:03 Feudal Age
11:04 Double-Bit Axe
11:12 Town Watch
12:32 Bloodlines
13:04 Fletching
15:16 Padded Archer Armor
18:44 Castle Age
19:27 Bodkin Arrow
19:51 Crossbowman
30:40 Imperial Age
29:09 Gold Mining
29:12 Horse Collar
30:10 Ballistics
31:37 Bracer
33:59 Conscription
34:34 Leather Archer Armor
35:35 Chemistry
38:35 Masonry
Connection lost

Rejoining the realm…

Still unreachable

The connection could not be restored.

Session expired

The server has moved on; the page needs a fresh start.